 Dungeon Sprint DCSS version 0.21-a0-349-g0c35859 (webtiles) character file.

8428 Kidiri the Warrior (level 11, -1/168 HPs)
             Began as a Red Draconian Gladiator on Oct 7, 2017.
             Was the Champion of Trog.
             Succumbed to a killer bee's poison
             ... in the Dungeon (Sprint VII: "The Pits").
             The game lasted 00:14:24 (2724 turns).

Kidiri the Warrior (Red Draconian Gladiator)        Turns: 2724, Time: 00:14:25

Health: -1/168     AC:  9    Str: 27    XL:     11   Next: 9%
Magic:  11/11      EV: 22    Int:  9    God:    Trog [******]
Gold:   0          SH:  0    Dex: 16    Spells: 10/10 levels left

rFire    + + .     SeeInvis .   a - +4 great mace "Xiyn" {flame, rF+ MR+}
rCold    . . .     Gourm    .   (shield currently unavailable)
rNeg     . . .     Faith    .   (armour unavailable)
rPois    .         Spirit   .   b - +0 hat
rElec    .         Reflect  .   B - +0 cloak
rCorr    .         Harm     .   C - +0 pair of gloves
MR       +....     NoTele   +   (no boots)
Stlth    ..........             (no amulet)
HPRegen  0.38/turn              w - +3 ring of strength
MPRegen  0.12/turn              x - +3 ring of dexterity

@: berserking (expiring), lethally poisoned (-1 -> -69), short of breath, slow
A: breathe fire, unfitting armour, fire resistance 1, cold-blooded, AC +7
a: Breathe Fire, Berserk, Trog's Hand, Brothers in Arms, Burn Spellbooks,
Renounce Religion


You were in the Dungeon.
You worshipped Trog.
Trog was exalted by your worship.
You were very hungry.

You visited 1 branch

Inventory:

Hand Weapons
 a - the +4 great mace "Xiyn" (weapon) {flame, rF+ MR+}
   (Trog gifted it to you in the Dungeon)

   It has been specially enchanted to burn those struck by it, causing extra
   injury to most foes and up to half again as much damage against particularly
   susceptible opponents.
   It protects you from fire.
   It affects your resistance to hostile enchantments.
Missiles
 c - 2 throwing nets
 j - 9 javelins of penetration (quivered)
 t - 3 silver javelins
 u - 5 needles of confusion
 v - 6 silver tomahawks
 y - 5 tomahawks of dispersal
 E - 11 curare-tipped needles
Armour
 b - a +0 hat (worn)
 B - a +0 cloak (worn)
 C - a +0 pair of gloves (worn)
Jewellery
 w - a +3 ring of strength (left hand)
 x - a +3 ring of dexterity (right hand)
Wands
 q - a wand of polymorph (8/24)
 s - a wand of random effects (17/48)
Scrolls
 l - 3 scrolls of remove curse
 n - a scroll of summoning
Potions
 e - 7 potions of curing
 f - 9 potions of heal wounds
 g - a potion of haste
 h - 4 potions of magic
 i - 3 potions of berserk rage
 k - 2 potions of invisibility
 r - 2 potions of brilliance
 z - 3 potions of agility
 A - a potion of might
Comestibles
 d - 8 bread rations
 m - 6 chunks of flesh
 o - 19 fruits
 p - 7 meat rations


   Skills:
 * Level 15.0 Fighting
 * Level 14.7 Maces & Flails
 + Level 9.7 Throwing
 * Level 13.6 Dodging
 - Level 0.3 Stealth


You had 10 spell levels left.
You didn't know any spells.

Dungeon Overview and Level Annotations

Branches:
Dungeon (1/1)

Altars:
Ashenzari
Cheibriados
Dithmenos
Elyvilon
Fedhas
Gozag
Hepliaklqana
Kikubaaqudgha
Makhleb
Nemelex Xobeh
Okawaru
Qazlal
Ru
Sif Muna
Trog
Uskayaw
Vehumet
Wu Jian
Xom
Yredelemnul
Zin
The Shining One
Beogh
Jiyva
Lugonu

Annotations:
D exclusions: 4 doors and 4 more exclusions


Innate Abilities, Weirdness & Mutations

You can breathe blasts of fire.
Your fiery red scales are hard. (AC +7)
You cannot fit into any form of body armour.
Your flesh is heat resistant. (rF+)
You are cold-blooded and may be slowed by cold attacks.


Message History

You feel very sick. The killer bee stings you.
* * * LOW HITPOINT WARNING * * *
You are more poisoned.
The killer bee poisons you!
Your iron troll completely misses the killer bee.
Your iron troll claws the killer bee.
Your iron troll claws the killer bee!!
The killer bee dies!
Trog accepts your kill.
Your unstable footing causes you to fumble your attack.
* * * LOW HITPOINT WARNING * * *
You feel very sick.
Your iron troll rages.
The gargoyle barely misses you.
Unknown command.
You bludgeon the gargoyle!! You burn the gargoyle!
You destroy the gargoyle!
Trog accepts your kill.
Your Fighting skill increases to level 15!
You die...

..#..#......#
.....(......#
#####''######
...##'÷##### #######
...##([)...# ......#
...##.)....# .....#
...###.[).## ####...####
...# ##''## ###.T)y.J'..#
...###..))###..†@##'##.s.
...##...))%#...g##..g##
#####......'...)+.y.mEy
#####......#)...##...##s
..[###..).###....# '## .
..[# ##''## ###..+...'s.
.))###....## ####...###
.))##......# .....#
.))##......# .....


You could see a killer bee, a gnoll, an ooze and a friendly iron troll
(berserk).

Vanquished Creatures
  Josephine (D)
  A two-headed ogre (D)
  A black mamba (D)
  A gargoyle (D)
  2 komodo dragons (D)
  A merfolk (D)
  A jumping spider (D)
  8 redbacks (D)
  A hippogriff (D)
  A flying skull (D)
  3 yaks (D)
  2 wraiths (D)
  A tarantella (D)
  2 water elementals (D)
  A hungry ghost (D)
  Duvessa (D)
  2 floating eyes (D)
  An orc warrior (D)
  A centaur (D)
  A scorpion (D)
  Dowan (D)
  A killer bee (D)
  4 wights (D)
  An orc priest (D)
  2 gnoll shamans (D)
  Jessica (D)
  An orc wizard (D)
  3 gnolls (D)
  2 adders (D)
  An ufetubus (D)
  An ooze (D)
  5 orcs (D)
  2 goblins (D)
  2 hobgoblins (D)
  2 quokkas (D)
  A frilled lizard (D)
  2 rats (D)
65 creatures vanquished.

Vanquished Creatures (collateral kills)
  A merfolk aquamancer (D)
  An orc knight (D)
  An elephant (D)
  A molten gargoyle (D)
  A freezing wraith (D)
  A polar bear (D)
  2 yaks (D)
  A redback (D)
  2 wraiths (D)
  A ynoxinul (D)
  A killer bee (D)
  A jelly (D)
  2 gnolls (D)
  An orc (D)
  A kobold (D)
18 creatures vanquished.

Grand Total: 83 creatures vanquished

Notes
Turn   | Place    | Note
-------+----------+-------------------------------------------
     0 | D        | Kidiri the Draconian Gladiator began the quest for the Orb.
     0 | D        | Reached XP level 1. HP: 17/17 MP: 1/1
    47 | D        | Found a bloodstained altar of Trog.
    47 | D        | Found a deep blue altar of Sif Muna.
    47 | D        | Found a viscous altar of Jiyva.
    47 | D        | Found a hazy altar of Hepliaklqana.
    47 | D        | Found an opulent altar of Gozag.
    48 | D        | Found a glowing golden altar of the Shining One.
    48 | D        | Found a glowing silver altar of Zin.
    48 | D        | Found a basalt altar of Yredelemnul.
    48 | D        | Found a shimmering altar of Xom.
    48 | D        | Found an ornate altar of the Wu Jian Council.
    48 | D        | Found a sacrificial altar of Ru.
    48 | D        | Found a stormy altar of Qazlal.
    48 | D        | Found an iron altar of Okawaru.
    48 | D        | Found a sparkling altar of Nemelex Xobeh.
    48 | D        | Found a burning altar of Makhleb.
    48 | D        | Found a blossoming altar of Fedhas.
    48 | D        | Found a white marble altar of Elyvilon.
    48 | D        | Found a shadowy altar of Dithmenos.
    48 | D        | Found a snail-covered altar of Cheibriados.
    51 | D        | Found a corrupted altar of Lugonu.
    51 | D        | Found a radiant altar of Vehumet.
    51 | D        | Found a roughly hewn altar of Beogh.
    54 | D        | Became a worshipper of Trog the Wrathful
    55 | D        | Found an ancient bone altar of Kikubaaqudgha.
    55 | D        | Found a hide-covered altar of Uskayaw.
    55 | D        | Found a shattered altar of Ashenzari.
    74 | D        | Reached XP level 2. HP: 17/25 MP: 2/2
   173 | D        | Noticed a floating eye
   175 | D        | Killed a floating eye
   175 | D        | Reached * piety under Trog
   175 | D        | Reached skill level 4 in Fighting
   175 | D        | Reached skill level 5 in Dodging
   175 | D        | Reached XP level 3. HP: 33/33 MP: 3/3
   175 | D        | Reached XP level 4. HP: 40/40 MP: 4/4
   264 | D        | Reached ** piety under Trog
   356 | D        | Reached *** piety under Trog
   368 | D        | Reached skill level 5 in Fighting
   368 | D        | Reached XP level 5. HP: 38/48 MP: 5/5
   391 | D        | Reached skill level 6 in Fighting
   393 | D        | Reached **** piety under Trog
   393 | D        | Reached XP level 6. HP: 54/58 MP: 6/6
   436 | D        | Noticed a hungry ghost
   525 | D        | Killed a hungry ghost
   525 | D        | Reached skill level 7 in Fighting
   684 | D        | Reached skill level 8 in Fighting
   789 | D        | Noticed a komodo dragon
   801 | D        | Killed a komodo dragon
   801 | D        | Reached skill level 9 in Fighting
   801 | D        | Reached skill level 5 in Throwing
   801 | D        | Your scales start taking on a fiery red colour.
   801 | D        | Reached XP level 7. HP: 13/70 MP: 7/7
   801 | D        | Gained mutation: Your flesh is heat resistant. (rF+) [Red Draconian growth]
  1069 | D        | Noticed Jessica
  1069 | D        | Noticed Duvessa
  1069 | D        | Noticed Dowan
  1071 | D        | Killed Jessica
  1077 | D        | Killed Dowan
  1077 | D        | Received a gift from Trog
  1077 | D        | Reached ***** piety under Trog
  1077 | D        | Reached skill level 10 in Maces & Flails
  1082 | D        | Killed Duvessa
  1138 | D        | Noticed a yak
  1138 | D        | Noticed a yak
  1138 | D        | Noticed a yak
  1138 | D        | Noticed a yak
  1138 | D        | Noticed a yak
  1138 | D        | Noticed a komodo dragon
  1141 | D        | Killed a yak
  1141 | D        | Received a gift from Trog
  1141 | D        | Reached XP level 8. HP: 79/79 MP: 8/8
  1145 | D        | Killed a komodo dragon
  1145 | D        | Reached skill level 10 in Fighting
  1150 | D        | Received a gift from Trog
  1150 | D        | Reached skill level 10 in Dodging
  1165 | D        | Received a gift from Trog
  1168 | D        | HP: 4/81 [yak (7)]
  1170 | D        | Reached skill level 11 in Fighting
  1465 | D        | Noticed an orc knight
  1465 | D        | Noticed an elephant
  1474 | D        | Killed an elephant
  1474 | D        | Reached XP level 9. HP: 35/89 MP: 9/9
  1478 | D        | Killed an orc knight
  1773 | D        | Noticed a molten gargoyle
  1773 | D        | Noticed a jumping spider
  1773 | D        | Noticed a black mamba
  1789 | D        | Noticed a polar bear
  1789 | D        | Noticed a freezing wraith
  1789 | D        | Noticed Josephine
  1794 | D        | Received a gift from Trog
  1794 | D        | Reached skill level 12 in Fighting
  1797 | D        | Killed a freezing wraith
  1803 | D        | Killed Josephine
  1808 | D        | Killed a polar bear
  1808 | D        | Received a gift from Trog
  1808 | D        | Reached skill level 13 in Fighting
  1808 | D        | Reached XP level 10. HP: 101/101 MP: 10/10
  1816 | D        | Got a translucent great mace {god gift}
  1817 | D        | Identified the +4 great mace "Xiyn" {flame, rF+ MR+} (Trog gifted it to you in the Dungeon)
  2249 | D        | Killed a molten gargoyle
  2254 | D        | Noticed a two-headed ogre
  2274 | D        | Killed a two-headed ogre
  2276 | D        | Received a gift from Trog
  2388 | D        | Reached skill level 14 in Fighting
  2401 | D        | Received a gift from Trog
  2499 | D        | Killed a black mamba
  2501 | D        | Received a gift from Trog
  2583 | D        | Noticed a gargoyle
  2701 | D        | Noticed a merfolk aquamancer
  2702 | D        | Reached ****** piety under Trog
  2705 | D        | Received a gift from Trog
  2710 | D        | Paralysed by a floating eye for 3 turns
  2717 | D        | Killed a merfolk aquamancer
  2717 | D        | Received a gift from Trog
  2717 | D        | Reached XP level 11. HP: 30/111 MP: 11/11
  2722 | D        | HP: 5/166 [killer bee (5)]
  2723 | D        | HP: 2/166 [poisoned by a killer bee]
  2724 | D        | Reached skill level 15 in Fighting
  2724 | D        | Succumbed to a killer bee's poison

Vault maps used:
D:        pitsprint

Skill      XL: |  1  2  3  4  5  6  7  8  9 10 11 |
---------------+----------------------------------+-----
Maces & Flails | 4 6 7 8 9 10 11 13 14 | 14.7
Throwing       | 2 3 4 5 6 7 8 9 |  9.7
Dodging        | 3 5 6 7 8 9 10 11 13 | 13.6
Fighting       | 4 5 6 9 11 13 14 15 | 15.0
Stealth        | |  0.3

Action                   |  1- 3 |  4- 6 |  7- 9 | 10-12 || total
-------------------------+-------+-------+-------+-------++-------
Melee: Mace              |     9 |    42 |       |       ||    51
       Flail             |     1 |       |       |       ||     1
       Tailslap          |       |     7 |     8 |    10 ||    25
       Dire flail        |       |    35 |    61 |       ||    96
       Great mace        |       |       |       |    59 ||    59
Throw: Throwing net      |       |     1 |       |       ||     1
       Javelin           |       |       |       |     5 ||     5
Invok: Berserk           |       |     1 |     4 |     3 ||     8
       Brothers in Arms  |       |       |     6 |     3 ||     9
 Abil: Breathe Fire      |       |       |     4 |     3 ||     7
  Use: Potion            |       |       |     1 |       ||     1
       Scroll            |       |       |       |     1 ||     1
 Stab: Sleeping          |     1 |     1 |       |       ||     2
       Held in net/web   |       |     1 |       |       ||     1
       Distracted        |       |       |       |     1 ||     1
  Eat: Fruit             |       |    11 |    10 |       ||    21
       Chunk             |       |     1 |       |       ||     1
Armor: Skin              |     1 |    11 |     6 |    17 ||    35
Dodge: Dodged            |     6 |    42 |    52 |   114 ||   214

Table legend:
 A = Spawn XP
 B = Non-spawn XP
 C = Spawn XP percentage of total XP
 D = Spawn monster count
 E = Non-spawn monster count
 F = Spawn count percentage of total count
 G = Total turns spent on level
                    A         B        C        D         E        F      G
               +---------+---------+-------+---------+---------+-------+---------
         Total |       0 |   12041 |   0.0 |       0 |      83 |   0.0 |  2724
               +---------+---------+-------+---------+---------+-------+---------
             D |       0 |   12041 |   0.0 |       0 |      83 |   0.0 |  2724
               +---------+---------+-------+---------+---------+-------+---------
